Map: Triton LE

Players

Denver - Winner!

  • Race: Zerg Zerg
  • Spawn Location: 11:00

Kelazhur

  • Race: Terran Terran
  • Spawn Location: 5:00

VOD

Have the link to the VOD?

Description

Time

  • Played on: Sept. 7, 2019, 11:16 a.m.
  • Length: 13:02
Show
View Real Time Build Order
Export as new Build Order

Denver Zerg - Winner!

Build Orders: Pool First 

Get SALT Encoding   

  12  0:00  Drone  
  13  0:08  Drone  
  13  0:11  Extractor  
  13  0:16  Drone  
  14  0:33  Spawning Pool  
  13  0:37  Drone  
  14  0:46  Drone, Extractor  
  15  0:53  Overlord  
  15  1:19  Metabolic Boost  
  15  1:20  Zergling x6  
  18  1:31  Zergling x2  
  19  1:42  Hatchery  
  19  1:44  Zergling x2  
  19  1:54  Zergling x2  
  19  1:57  Queen  
  22  2:04  Overlord  
  22  2:26  Zergling x2  
  22  2:27  Zergling x2  
  23  2:37  Queen  
  23  2:38  Overlord  
  25  2:52  Zergling x2  
  25  2:54  Queen  
  25  2:55  Drone  
  25  2:57  Drone  
  29  3:07  Drone  
  29  3:09  Drone  
  29  3:10  Drone x2  
  32  3:22  Drone x3  
  33  3:27  Queen  
  33  3:33  Drone x2  
  37  3:40  Drone x3  
  40  3:44  Overlord  
  40  3:54  Drone x2  
  40  3:55  Overlord  
  42  3:59  Overlord  
  42  4:11  Hatchery  
  41  4:18  Drone x4  
  41  4:20  Drone  
  46  4:26  Drone x3  
  46  4:31  Queen  
  49  4:35  Pneumatized Carapace  
  49  4:37  Drone  
  49  4:38  Drone  
  53  4:44  Baneling Nest  
  53  4:45  Drone x2  
  53  4:47  Overlord  
  53  4:52  Zergling x4  
  56  4:57  Zergling x6  
  59  5:04  Drone x2  
  61  5:08  Spore Crawler  
  61  5:09  Drone x3  
  63  5:15  Overlord  
  63  5:18  Queen  
  63  5:19  Spore Crawler  
  64  5:29  Drone x7  
  64  5:32  Lair  
  70  5:38  Overlord  
  70  5:44  Spore Crawler  
  70  5:47  Spore Crawler  
  70  5:49  Queen  
  68  5:51  Baneling x3  
  68  5:54  Spore Crawler  
  68  5:55  Zergling x6  
  68  5:56  Zergling x2  
  73  6:00  Zergling x2  
  73  6:01  Zergling x6  
  73  6:02  Drone  
  78  6:07  Drone x4  
  82  6:12  Drone x4  
  82  6:15  Extractor  
  82  6:17  Extractor  
  82  6:18  Extractor  
  80  6:27  Drone x6  
  80  6:29  Extractor  
  80  6:30  Extractor  
  80  6:32  Roach Warren  
  83  6:38  Overlord  
  77  6:41  Drone x2  
  77  6:42  Drone x4  
  77  6:43  Queen  
  77  6:46  Overlord  
  85  6:57  Overlord x2, Spire  
  84  7:03  Overlord  
  84  7:07  Drone x4  
  86  7:08  Overlord  
  86  7:12  Glial Reconstitution  
  86  7:21  Drone x3  
  89  7:24  Roach x4  
  89  7:27  Drone, Hatchery  
  97  7:36  Queen  
  97  7:38  Queen  
  98  7:50  Roach x8  
  113  7:55  Overlord x3  
  107  8:01  Overlord  
  107  8:02  Overlord  
  104  8:09  Evolution Chamber  
  104  8:10  Overlord  
  99  8:14  Drone  
  99  8:15  Drone x4  
  99  8:16  Zerg Flyer Weapons Level 1  
  99  8:18  Corruptor x2  
  99  8:19  Corruptor  
  110  8:25  Corruptor x2  
  114  8:34  Corruptor x2  
  114  8:38  Roach x2  
  122  8:44  Zerg Ground Armor Level 1  
  122  8:46  Roach x3  
  128  8:48  Overlord  
  128  9:02  Roach  
  136  9:03  Roach x9  
  136  9:04  Corruptor  
  144  9:10  Roach, Extractor  
  144  9:11  Roach x2  
  144  9:15  Roach x3  
  156  9:17  Ravager x3  
  156  9:18  Overlord  
  156  9:22  Corruptor  
  160  9:30  Corruptor  
  162  9:31  Overlord x2  
  162  9:34  Roach x3  
  162  9:36  Overlord  
  168  9:44  Roach x5  
  178  9:46  Overlord  
  178  9:47  Overlord  
  178  9:51  Ravager x3  
  178  9:52  Overlord  
  180  9:56  Roach x2  
  182  10:02  Roach  
  182  10:03  Roach x3  
  162  10:22  Roach  
  162  10:23  Roach x10  
  168  10:31  Roach x5  
  172  10:39  Roach x3  
  172  10:40  Ravager x2, Roach  
  172  10:41  Ravager  
  181  10:44  Roach  
  181  10:45  Roach  
Show
View Real Time Build Order
Export as new Build Order

Kelazhur Terran 

Build Orders: Reaper Expand 

Get SALT Encoding   

  12  0:00  SCV  
  13  0:12  SCV  
  14  0:16  Supply Depot  
  14  0:24  SCV  
  15  0:38  SCV  
  15  0:39  Barracks  
  16  0:42  Refinery  
  16  0:50  SCV  
  17  1:02  SCV  
  18  1:14  SCV  
  19  1:26  Orbital Command, Reaper  
  20  1:37  Command Center  
  20  1:52  SCV, Supply Depot  
  21  1:58  Marine  
  22  2:03  Factory  
  22  2:05  SCV  
  23  2:14  Refinery  
  23  2:17  SCV  
  23  2:20  Barracks Reactor  
  24  2:29  SCV  
  24  2:42  SCV  
  23  2:51  Hellion  
  23  2:54  SCV  
  23  2:57  Marine x2  
  28  3:06  SCV  
  29  3:15  Command Center  
  29  3:18  SCV  
  30  3:26  Starport  
  30  3:28  Supply Depot  
  30  3:30  SCV  
  31  3:37  Command Center  
  31  3:50  SCV  
  31  3:52  Hellion x2  
  36  3:58  Supply Depot  
  36  4:03  Fusion Core  
  36  4:07  SCV  
  37  4:12  Starport Tech Lab  
  36  4:20  Hellion x2  
  40  4:24  SCV  
  40  4:28  Orbital Command  
  41  4:38  SCV  
  46  4:46  Orbital Command  
  46  4:52  Orbital Command  
  46  4:57  Battlecruiser  
  46  4:58  SCV  
  49  5:11  SCV, Weapon Refit  
  49  5:14  SCV  
  51  5:20  Hellion  
  53  5:22  Hellion  
  53  5:27  SCV  
  56  5:29  Supply Depot  
  56  5:33  SCV x2  
  58  5:39  SCV  
  58  5:41  Refinery  
  58  5:42  Refinery  
  59  5:45  SCV x2  
  59  5:47  Hellion x2  
  65  5:51  SCV  
  66  5:57  SCV x2  
  66  6:03  SCV  
  69  6:05  Battlecruiser  
  69  6:09  SCV x2  
  77  6:13  Supply Depot  
  77  6:15  SCV  
  78  6:19  Hellion x2  
  78  6:21  SCV  
  78  6:22  SCV  
  84  6:31  SCV  
  85  6:35  SCV  
  85  6:38  SCV  
  87  6:46  Hellion x2  
  91  6:48  Supply Depot  
  91  6:51  Factory  
  91  6:52  SCV, Factory  
  91  6:53  Armory  
  92  6:58  SCV  
  93  7:07  Orbital Command  
  93  7:10  SCV, Hellion x2  
  93  7:11  Supply Depot x2  
  93  7:13  SCV  
  93  7:15  Supply Depot  
  99  7:23  Armory  
  99  7:24  Refinery x2  
  99  7:25  Supply Depot  
  99  7:26  SCV  
  99  7:27  Supply Depot  
  99  7:30  SCV  
  99  7:33  SCV  
  96  7:39  SCV  
  96  7:43  Hellion x2  
  99  7:44  Factory Tech Lab x2  
  99  7:49  SCV  
  96  7:51  SCV x2  
  97  8:01  SCV  
  97  8:03  SCV x2  
  97  8:08  Hellion x2  
  97  8:09  Siege Tank  
  97  8:10  Siege Tank  
  103  8:13  SCV  
  103  8:14  Terran Vehicle Weapons Level 1  
  103  8:15  SCV x2  
  103  8:16  Terran Vehicle And Ship Armor Level 1  
  106  8:25  SCV  
  107  8:30  Battlecruiser  
  107  8:31  SCV  
  107  8:34  SCV  
  115  8:37  SCV  
  116  8:43  SCV  
  116  8:46  SCV  
  118  8:49  Siege Tank, Hellion x2  
  128  8:59  Engineering Bay  
  128  9:02  Cyclone  
  127  9:03  SCV  
  127  9:04  SCV x2  
  130  9:14  Factory  
  130  9:15  SCV, Hellion x2  
  130  9:16  Factory  
  137  9:18  Infernal Pre-Igniter  
  137  9:19  Mag-Field Accelerator  
  137  9:21  Siege Tank  
  140  9:27  Command Center  
  140  9:30  Supply Depot  
  138  9:36  Missile Turret  
  138  9:38  Missile Turret  
  135  9:39  Hellion x2  
  135  9:41  Siege Tank  
  136  9:48  Missile Turret  
  136  9:50  Missile Turret  
  130  9:55  Battlecruiser  
  130  9:59  Siege Tank  
  139  10:01  Missile Turret  
  139  10:02  Factory Tech Lab, Factory Reactor  
  126  10:16  Siege Tank  
  126  10:18  SCV  
  126  10:19  Hellion x2  
  100  10:31  Siege Tank  
  100  10:35  SCV x3  
  98  10:43  Terran Vehicle Weapons Level 2, Hellion x4  
Tags
 
Add a new tag
Caveats
  • Supply blocks, unpowered buildings, or Contaminate may cause inaccurate times.
  • Supply counts are checked every 10 seconds.